 Dungeon Crawl Stone Soup version 0.15.2 (webtiles) character file.

343394 mive the Markscentaur (level 21, -10/207 (210) HPs)
             Began as a Centaur Hunter on Nov 20, 2023.
             Was the Champion of Nemelex Xobeh.
             Shot with a bolt by a vault warden (13 damage)
             ... on Level 2 of the Vaults on Nov 22, 2023.
             The game lasted 12:03:36 (118732 turns).

mive the Markscentaur (Centaur Hunter)            Turns: 118732, Time: 12:03:36

HP -10/207 (210) AC 25     Str 18      XL: 21   Next: 13%
MP  34/36        EV 17     Int 17      God: Nemelex Xobeh [******]
Gold 405         SH  0     Dex 12      Spells: 12 memorised,  2 levels left

rFire  + . .     SeeInvis .     b - +3 longbow (flame)
rCold  + . .     Clarity  .     a - +4 ring mail of the Nightingale {MR+}
rNeg   + . .     rCorr    .     (no shield)
rPois  +         rRot     .     W - +3 helmet of Weirdness {rPois rF+}
rElec  .         Spirit   .     Y - +0 cloak
SustAb .         Warding  +     B - +0 pair of gloves
rMut   .         Stasis   .     (no barding)
Gourm  .                        V - brooch of Shielding {Ward rN+ AC+4 EV+4}
MR     ++++.                    k - ring "Lyurhop" {rC+ Int+2}
                                y - ring of wizardry

@: about to teleport, controlling teleports, very slightly contaminated, very
quick, incredibly resistant to hostile enchantments, very unstealthy
A: hooves 3, yellow scales 1, blurry vision 1, deformed body, speed 2, magic
resistance 2, sense surroundings 1, robust 1, tough skin 3
a: Draw One, Peek at Two, Triple Draw, Deal Four, Stack Five, Renounce Religion
}: 2/15 runes: serpentine, barnacled


You were on level 2 of the Vaults.
You worshipped Nemelex Xobeh.
Nemelex Xobeh was exalted by your worship.
You were hungry.

You visited 8 branches of the dungeon, and saw 43 of its levels.
You visited the Abyss 1 time.
You visited 1 bazaar.
You also visited: Labyrinth and Bailey.

You collected 5180 gold pieces.
You spent 4775 gold pieces at shops.

Inventory:

Hand weapons
 b - a +3 longbow of flaming (weapon)
 q - a +4 lajatang of freezing
Missiles
 c - 792 arrows (quivered)
 e - 9 throwing nets {!f}
Armour
 a - the +4 ring mail of the Nightingale (worn) {MR+}
   (You took it off a deep elf high priest on level 3 of the Elven Halls)

   It affects your resistance to hostile enchantments.
 B - a +0 pair of gloves (worn)
 W - the cursed +3 helmet of Weirdness (worn) {rPois rF+}
   (You found it on level 4 of the Lair of Beasts)

   It protects you from fire.
   It protects you from poison.
   It has a curse placed upon it.
 Y - a +0 cloak (worn)
Magical devices
 p - a wand of teleportation (1)
 M - a wand of digging (14)
 Z - a wand of confusion (7)
Comestibles
 f - 13 bread rations
 N - 10 meat rations
Scrolls
 h - 4 scrolls of fog
 o - 2 scrolls of blinking
 v - 2 scrolls of summoning
 w - 9 scrolls of teleportation
 z - a scroll of silence
 A - 2 scrolls of immolation
 C - a scroll of remove curse
 E - a scroll of magic mapping
 Q - 3 scrolls of holy word
 R - 6 scrolls of identify
Jewellery
 j - the amulet of Meusopsyo {rMut +Blink +Fly}
   (You took it off a deep elf blademaster on level 3 of the Elven Halls)

   [amulet of resist mutation]

   It protects you from mutation.
   It lets you fly.
   It lets you blink.
 k - the ring "Lyurhop" (right hand) {rC+ Int+2}
   (You found it on level 14 of the Dungeon)

   [ring of protection from cold]

   It affects your intelligence (+2).
   It protects you from cold.
 y - a ring of wizardry (left hand)
 F - an uncursed amulet of stasis
 V - the brooch of Shielding (around neck) {Ward rN+ AC+4 EV+4}
   (You found it in a labyrinth)

   [amulet of warding]

   It may prevent the melee attacks of summoned creatures.
   It affects your AC (+4).
   It affects your evasion (+4).
   It protects you from negative energy.
 X - an uncursed ring of invisibility
Potions
 g - 7 potions of haste
 i - 7 potions of might
 l - 5 potions of brilliance
 n - 6 potions of resistance
 r - 5 potions of restore abilities
 t - 3 potions of cancellation
 u - a potion of heal wounds
 x - a potion of berserk rage
 G - a potion of magic
 I - 3 potions of invisibility
 K - 2 potions of lignification
 L - 2 potions of agility
 U - 10 potions of curing
Miscellaneous
 m - a legendary deck of war {drawn: 2}
 s - a legendary deck of escape
 D - a disc of storms
 H - a legendary deck of escape {the Elixir, left: 5}
 J - a legendary deck of war {the Helm, left: 4}
 O - a legendary deck of changes
 P - a legendary deck of escape
 S - an ornate deck of war
 T - a legendary deck of war {Metamorphosis, left: 3}
Rods
 d - a +8 rod of inaccuracy (17/17)
   (You bought it in a shop on level 1 of the Orcish Mines)


   Skills:
 + Level 17.1 Fighting
 - Level 14.0 Staves
 - Level 19.0 Bows
 + Level 9.7 Armour
 - Level 10.4 Dodging
 - Level 2.0 Stealth
 - Level 6.1 Spellcasting
 + Level 4.2 Conjurations
 - Level 4.4 Charms
 - Level 2.0 Necromancy
 - Level 4.8 Translocations
 + Level 4.4 Ice Magic
 - Level 2.1 Air Magic
 + Level 16.7 Evocations


You had 2 spell levels left.
You knew the following spells:

 Your Spells              Type           Power        Failure   Level  Hunger
a - Animate Skeleton      Necr           N/A          2%          1    None
b - Regeneration          Chrm/Necr      ###.......   4%          3    ##.....
c - Shroud of Golubria    Chrm/Tloc      ###.......   1%          2    None
d - Apportation           Tloc           ###.......   1%          1    None
e - Swiftness             Chrm/Air       ###.....     2%          2    None
f - Flight                Chrm/Air       ###.......   4%          3    ##.....
g - Song of Slaying       Chrm           ###.....     1%          2    None
h - Control Teleport      Chrm/Tloc      ###.......   9%          4    ####...
i - Blink                 Tloc           N/A          1%          2    None
j - Portal Projectile     Tloc           ###...       3%          3    ##.....
k - Summon Butterflies    Summ           #.......     6%          1    None
l - Freezing Cloud        Conj/Ice/Air   ###.......   98%         6    #######


Dungeon Overview and Level Annotations

Branches:
Dungeon (15/15)            Temple (1/1) D:7             Orc (4/4) D:11
    Elf (3/3) Orc:4          Lair (8/8) D:11         Shoals (5/5) Lair:4
  Snake (5/5) Lair:5        Slime (0/6) Lair:6       Vaults (2/5) D:14
 Depths (0/5) D:15
  Crypt: Vaults:2-3

Altars:
Ashenzari
Cheibriados
Dithmenos
Elyvilon
Fedhas
Kikubaaqudgha
Makhleb
Nemelex Xobeh
Okawaru
Qazlal
Sif Muna
Trog
Vehumet
Xom
Yredelemnul
Zin
The Shining One
Beogh

Shops:
D:9 [   D:10 (   Orc:1 }   Orc:4 %=%([   Elf:1 }   Elf:2 (   Shoals:4 (
Shoals:5 %   Snake:2 (   Snake:5 !*:?

Annotations:
D:4 Eustachio
D:7 exclusion: 4 doors


Innate Abilities, Weirdness & Mutations

You have hooves in place of feet.
Armour fits poorly on your strangely shaped body.
You cover ground very quickly.
You have extremely tough skin (AC +3).
You are partially covered in yellow scales (AC +2).
Your vision is a little blurry.
You are highly resistant to hostile enchantments.
You passively map a small area around you.
You are robust (+10% HP).


Message History

The vault warden is lightly wounded.
The orb of electricity engulfs you!
* * * LOW HITPOINT WARNING * * *
The ironbrand convoker points at the rakshasa and mumbles some strange words.
The rakshasa seems to grow stronger.
The tengu reaver hits you with a runed long sword.
* * * LOW HITPOINT WARNING * * *
The tengu reaver pecks you!
* * * LOW HITPOINT WARNING * * *
The tengu reaver closely misses you.
The rakshasa weaves an illusion.
The vault warden shimmers and seems to become two!
Read which item? (? for menu, Esc to quit)
Blink to where?
Press: ? - help, Dir - move target cursor, p - tengu reaver
As you read the scroll of blinking, it crumbles to dust.
You are very lightly contaminated with residual magic.
The vault warden shoots a bolt.
The bolt hits you!
You die...
Your body disappears without a glow.

* , ,#....# , ,#...#.....)... , *
#(...+ , ,#...#......(.. + ,
#(R..# #...#....<.... ** #pp(.# ,
#...########## #(...#,,
,,#.............
#(...########.............
#pp..*....................
#Qp............./.........
#ยง.......@................
########+####################''##
.#.....[...#####.........# #....
.'...[#..#.#...#.#..#....# #..Z.
.#...[..[..#%.(#%........# #....
.####..[#.'#...#[)#...#### #....
.# #...#...[<..[.#...# #.... .#
#...#.#.[...#.#...# #.... ##
#####.........##### #####


You could see 2 vault wardens and a tengu reaver.

Vanquished Creatures
  Saint Roka (Elf:2)
  A deep elf blademaster (Elf:3)
  2 deep elf master archers (Elf:3)
  5 krakens
  Rupert (Elf:3)
  Frances (Elf:2)
  Ilsuiw (Shoals:4)
  An azure jelly (shapeshifter) (Vaults:1)
  5 greater nagas (Snake:5)
  Donald (Orc:4)
  7 deep elf sorcerers
  A balrug (Abyss:1)
  Aizul (Snake:1)
  2 vault wardens (Vaults:1)
  Gastronok (Orc:2)
  Jorgrun (Snake:5)
  A stone giant (Vaults:1)
  3 deep elf demonologists
  3 deep elf annihilators (Elf:3)
  A purple draconian (Lair:8)
  Snorg (D:11)
  4 merfolk javelineers
  5 vault guards
  An ettin (D:15)
  3 yaktaur captains
  3 merfolk impalers
  2 deep elf high priests (Elf:3)
  4 deep elf death magi
  4 ogre magi
  Josephine (Shoals:1)
  6 ironheart preservers
  2 great orbs of eyes
  Fannar (Elf:1)
  Harold (Lair:7)
  15 naga warriors
  10 hydras
  4 centaur warriors
  2 sirens
  2 satyrs
  15 anacondas
  A deep troll shaman (Vaults:2)
  4 death yaks
  3 orc high priests (Orc:4)
  7 merfolk aquamancers
  2 thrashing horrors (Abyss:1)
  9 shock serpents
  A tengu warrior (D:9)
  20 naga sharpshooters
  A catoblepas (D:13)
  A sun demon (Elf:3)
  A wretched star (Abyss:1)
  A salamander mystic (Snake:5)
  A death drake (Abyss:1)
  5 large abominations
  14 sea snakes
  4 skeletal warriors
  A fire crab (Lair:8)
  4 deep trolls
  A giant orange brain (D:14)
  10 hill giants
  An unseen horror (shapeshifter) (Vaults:1)
  5 deep elf summoners
  A flayed ghost (Vaults:1)
  2 unseen horrors
  17 deep elf knights
  5 ironbrand convokers
  9 naga ritualists
  7 manticores
  15 deep elf conjurers
  2 necromancers (D:14)
  13 griffons
  A salamander (shapeshifter) (D:13)
  2 wizards
  21 harpies
  A lindwurm (shapeshifter) (Elf:3)
  16 salamanders
  2 wolf spiders (Vaults:1)
  41 ugly things
  4 fauns
  6 water nymphs
  A draconian (shapeshifter) (Elf:2)
  9 cyclopes
  14 mana vipers
  3 orc sorcerers
  13 mermaids
  3 guardian serpents
  A centaur zombie (D:15)
  Maurice (Orc:4)
  A sixfirhy (Abyss:1)
  6 orc knights
  A manticore (shapeshifter) (Vaults:1)
  2 gargoyles
  5 vault sentinels (Vaults:1)
  31 naga magi
  2 efreet
  An eye of devastation (Lair:5)
  53 black mambas
  Psyche (Orc:1)
  22 spiny frogs
  An elf skeleton (Elf:3)
  A feature mimic (Lair:5)
  2 tengu conjurers (D:15)
  A kobold demonologist (D:15)
  10 komodo dragons
  An elf (shapeshifter) (Vaults:1)
  18 yaktaurs
  16 deep elf priests
  A jumping spider (shapeshifter) (Abyss:1)
  A hellwing (Elf:1)
  A demonic crawler (Elf:2)
  2 fire drakes
  A freezing wraith (Vaults:2)
  A queen bee (shapeshifter) (Vaults:1)
  A merfolk skeleton (Shoals:1)
  A queen bee (D:12)
  A raiju (shapeshifter) (Elf:1)
  6 trolls
  An ancient zyme (Abyss:1)
  A harpy skeleton (Shoals:5)
  Sonja (Orc:3)
  30 merfolk
  A polar bear (Lair:7)
  22 slime creatures
  2 giant leeches (Lair:8)
  2 jumping spiders
  A fire drake (shapeshifter) (Vaults:1)
  6 two-headed ogres
  3 wind drakes
  2 hydra skeletons
  A polar bear (shapeshifter) (D:15)
  A merfolk zombie (Shoals:1)
  A raiju (Abyss:1)
  4 ravens
  3 boulder beetles
  6 snapping turtles
  29 blink frogs
  A basilisk (D:12)
  A shadow (D:8)
  A redback (shapeshifter) (Vaults:1)
  A hill giant zombie (D:12)
  A wraith (D:15)
  A redback (Elf:2)
  15 water elementals
  35 yaks
  4 ynoxinuls
  33 deep elf magi
  4 hungry ghosts
  13 hippogriffs
  A hog (shapeshifter) (Elf:1)
  26 humans
  3 steam dragons
  31 deep elf fighters
  27 vampire mosquitoes
  A chaos spawn (Elf:3)
  2 neqoxecs
  6 wyverns
  39 wolves
  A mottled dragon (Vaults:1)
  Edmund (D:8)
  A hill giant skeleton (D:9)
  7 wargs
  59 nagas
  48 water moccasins
  A small abomination (Abyss:1)
  2 human skeletons (D:14)
  A hell hound (Abyss:1)
  10 porcupines
  5 sky beasts
  A yellow wasp (D:12)
  9 ice beasts
  A black bear (D:12)
  A necrophage (D:7)
  3 phantoms
  37 orc warriors
  24 ogres
  Duvessa (D:5)
  17 crocodiles
  13 centaurs
  3 lost souls (Elf:3)
  2 big kobolds
  A wyvern zombie (D:14)
  A naga skeleton (Snake:5)
  44 giant frogs
  3 scorpions
  A boulder beetle zombie (D:15)
  28 killer bees (D:12)
  An eye of draining (D:15)
  A tengu skeleton (D:15)
  5 electric eels
  3 crimson imps
  5 jellies
  8 lava snakes (Snake:4)
  13 wights
  Dowan (D:5)
  A giant frog zombie (D:5)
  A goliath beetle (D:6)
  A giant frog skeleton (D:12)
  14 hounds
  2 human zombies (D:14)
  60 orc wizards
  A gnoll shaman (D:5)
  2 quasits
  38 orc priests
  12 iguanas
  15 worker ants
  An orange rat (Elf:1)
  19 sheep
  A centaur simulacrum (Shoals:1)
  Ijyb (Lair:1)
  Terence (D:2)
  3 mummies
  32 adders
  10 gnolls
  2 white imps
  70 green rats
  A giant mite (D:6)
  3 worms
  6 shadow imps
  An ufetubus (Abyss:1)
  An iguana skeleton (D:6)
  7 giant geckos
  191 orcs
  23 bats
  A bat skeleton (D:6)
  A bat zombie (D:7)
  A giant mite zombie (D:6)
  22 hobgoblins
  6 jackals
  41 kobolds
  7 ball pythons
  6 giant cockroaches
  5 giant newts
  3 giant spores
  A gnoll skeleton (D:5)
  27 goblins
  A hobgoblin skeleton (D:5)
  17 quokkas
  14 rats
  A rat zombie (D:5)
  24 ballistomycetes
  A butterfly (Shoals:2)
  2 crawling corpses
  7 fungi
  18 plants
  2 tentacles
  A tentacle segment (Shoals:3)
2079 creatures vanquished.

Vanquished Creatures (collateral kills)
  A deep elf blademaster (Elf:2)
  A greater naga (Snake:5)
  A deep elf sorcerer (Elf:2)
  A vault warden (Vaults:1)
  A deep elf demonologist (Elf:2)
  A very ugly thing (Vaults:1)
  A grey draconian (Lab)
  A black draconian (Lair:7)
  A merfolk javelineer (Shoals:5)
  A deep elf death mage (Elf:3)
  2 merfolk impalers
  2 naga warriors (Snake:5)
  A siren (Shoals:5)
  6 death yaks
  An alligator snapping turtle (Shoals:4)
  A deep troll earth mage (Vaults:1)
  3 naga sharpshooters (Snake:5)
  An orc high priest (Orc:4)
  A shock serpent (Snake:5)
  A deep elf knight (Elf:1)
  A skeletal warrior (Vaults:1)
  6 sea snakes
  A wizard (D:14)
  A hill giant (Vaults:1)
  2 mana vipers (Snake:5)
  2 naga ritualists (Snake:5)
  2 orc knights (Vaults:1)
  An orc sorcerer (Orc:3)
  4 harpies (Shoals:2)
  3 ugly things (Vaults:1)
  2 cyclopes (Vaults:1)
  4 griffons
  A wolf spider (Vaults:1)
  2 fauns
  8 manticores
  5 water nymphs
  An octopode (Shoals:4)
  4 black mambas (Snake:5)
  2 mermaids (Shoals:1)
  4 naga magi (Snake:5)
  An item mimic (Elf:3)
  3 yaktaurs (Vaults:1)
  A deep elf priest (Elf:2)
  A freezing wraith (Vaults:1)
  10 merfolk
  A raven (Lair:7)
  A troll (D:14)
  2 slime creatures (Vaults:1)
  A basilisk (Lair:6)
  4 snapping turtles
  A redback (Elf:3)
  3 water elementals
  3 deep elf magi (Elf:2)
  2 deep elf fighters
  A naga (Snake:5)
  A neqoxec (Abyss:1)
  A vampire mosquito (Vaults:2)
  A wolf (Lair:7)
  3 orc warriors (Elf:3)
  2 centaurs (Vaults:2)
  A manticore simulacrum (Shoals:1)
  A water moccasin skeleton (Lair:5)
  2 orc wizards
  An adder (Lair:5)
  7 orcs
  A crawling corpse (Elf:2)
  4 fungi
  8 plants
  2 tentacles (Shoals:1)
155 creatures vanquished.

Vanquished Creatures (others)
  An ironheart preserver (Vaults:2)
  A player illusion (D:9)
  A deep elf knight (Elf:3)
  A large abomination (Abyss:1)
  2 anaconda skeletons (Snake:5)
  A deep elf conjurer (Elf:1)
  An ugly thing (Lair:6)
  An orc sorcerer (Elf:2)
  2 ugly thing skeletons (Vaults:1)
  A drowned soul (Shoals:5)
  A stone giant skeleton (Vaults:1)
  5 human skeletons
  A shock serpent skeleton (Snake:5)
  A yaktaur (Vaults:1)
  7 sea snake skeletons
  3 dancing weapons
  9 harpy skeletons
  7 basilisks
  A deep elf mage (Elf:2)
  5 griffon skeletons
  8 merfolk skeletons
  4 black mamba skeletons (Snake:5)
  5 vampire mosquitoes (Lair:7)
  A hill giant skeleton (Vaults:1)
  A wolf (Lair:7)
  A water moccasin (Snake:1)
  A deep troll skeleton (Vaults:2)
  5 yellow wasps (Lair:7)
  2 water nymph skeletons (Shoals:4)
  A faun skeleton (Shoals:4)
  A mermaid skeleton (Shoals:1)
  2 snapping turtle skeletons
  2 manticore skeletons
  3 lost souls (Elf:3)
  7 yaktaur skeletons
  A water moccasin skeleton (Snake:5)
  A cyclops skeleton (Shoals:3)
  2 killer bees (Snake:1)
  A hippogriff skeleton (Shoals:1)
  A warg skeleton (Vaults:1)
  A two-headed ogre skeleton (Vaults:2)
  34 elf skeletons
  An orange rat (Elf:3)
  3 ogre skeletons
  20 naga skeletons (Snake:5)
  A sheep skeleton (Shoals:3)
  7 giant spores
  11 orc skeletons
  A ballistomycete (D:10)
  3 butterflies (Shoals:2)
  37 fungi
  18 plants
  3 starspawn tentacles (Abyss:1)
  80 starspawn tentacle segments (Abyss:1)
  26 tentacles
  297 tentacle segments
645 creatures vanquished.

Grand Total: 2879 creatures vanquished

Notes
Turn   | Place    | Note
--------------------------------------------------------------
     0 | D:1      | mive, the Centaur Hunter, began the quest for the Orb.
     0 | D:1      | Reached XP level 1. HP: 16/16 MP: 1/1
   225 | D:1      | Reached XP level 2. HP: 23/23 MP: 2/2
  1141 | D:1      | Reached XP level 3. HP: 28/28 MP: 3/3
  1409 | D:2      | Noticed Terence
  1454 | D:2      | Killed Terence
  1567 | D:2      | Found a white marble altar of Elyvilon.
  1567 | D:2      | Found a glowing silver altar of Zin.
  2222 | D:2      | Reached XP level 4. HP: 36/36 MP: 3/3
  2669 | D:3      | Reached skill level 6 in Bows
  3563 | D:3      | Reached XP level 5. HP: 42/42 MP: 4/4
  4839 | D:4      | Reached skill level 1 in Armour
  5135 | D:3      | Reached XP level 6. HP: 51/51 MP: 5/5
  5484 | D:4      | Noticed Eustachio
  5947 | D:4      | Reached skill level 7 in Bows
  6353 | D:5      | Entered Level 5 of the Dungeon
  6620 | D:5      | Found a shadowy altar of Dithmenos.
  6640 | D:5      | Reached XP level 7. HP: 40/58 MP: 5/5
  7573 | D:5      | Found a sparkling altar of Nemelex Xobeh.
  7588 | D:5      | Became a worshipper of Nemelex Xobeh the Trickster
  7608 | D:5      | Noticed Duvessa
  7623 | D:5      | Received a gift from Nemelex Xobeh
  7649 | D:5      | Noticed Dowan
  7661 | D:5      | Killed Duvessa
  7763 | D:5      | Killed Dowan
  8067 | D:5      | Reached skill level 1 in Evocations
  8500 | D:5      | Reached skill level 8 in Bows
  8610 | D:5      | Reached XP level 8. HP: 52/67 MP: 8/8
  9538 | D:6      | Reached skill level 5 in Fighting
  9795 | D:6      | Acquired Nemelex Xobeh's first power
 10747 | D:6      | Reached skill level 9 in Bows
 11330 | D:7      | Found a flagged portal.
 11353 | Bailey   | Entered a bailey
 11449 | Bailey   | Reached XP level 9. HP: 43/74 MP: 12/12
 11764 | Bailey   | Received a gift from Nemelex Xobeh
 11764 | Bailey   | Noticed an orc knight
 11794 | Bailey   | Killed an orc knight
 12132 | Bailey   | Reached skill level 5 in Dodging
 12158 | Bailey   | Acquired Nemelex Xobeh's second power
 12967 | D:7      | Found a staircase to the Ecumenical Temple.
 12984 | Temple   | Entered the Ecumenical Temple
 12997 | Temple   | Received a gift from Nemelex Xobeh
 13132 | D:7      | Noticed a polar bear
 13372 | D:7      | Received a gift from Nemelex Xobeh
 13532 | D:7      | Noticed a polar bear
 13532 | D:7      | Noticed a polar bear
 13532 | D:7      | Noticed a griffon
 13532 | D:7      | Noticed a polar bear
 13532 | D:7      | Noticed a polar bear
 13533 | D:7      | Noticed a griffon
 13537 | D:7      | Noticed a polar bear
 13538 | D:7      | Noticed a griffon
 13539 | D:7      | Noticed a griffon
 13600 | D:7      | Reached skill level 10 in Bows
 14231 | D:8      | Acquired Nemelex Xobeh's third power
 14244 | D:8      | Noticed Edmund
 14291 | D:8      | Killed Edmund
 14612 | D:8      | Received a gift from Nemelex Xobeh
 14847 | D:8      | Reached XP level 10. HP: 67/84 MP: 15/15
 15797 | D:8      | Reached skill level 5 in Evocations
 16822 | D:9      | Found Calaasch's Antique Armour Shop.
 16837 | D:9      | Bought a cloak for 130 gold pieces
 16837 | D:9      | Bought a runed ring mail for 116 gold pieces
 16907 | D:9      | Received a gift from Nemelex Xobeh
 16967 | D:9      | Found a glowing golden altar of the Shining One.
 17615 | D:10     | Entered Level 10 of the Dungeon
 17615 | D:10     | Noticed a hill giant
 17677 | D:9      | Killed a hill giant
 17677 | D:9      | Reached skill level 5 in Armour
 17955 | D:10     | Noticed a tengu warrior
 18018 | D:9      | Your ally mive died
 18336 | D:9      | Killed a tengu warrior
 18336 | D:9      | Reached skill level 11 in Bows
 18788 | D:10     | Noticed a hill giant
 18825 | D:9      | Killed a hill giant
 19037 | D:10     | Noticed an eight-headed hydra
 19056 | D:10     | Noticed a cyclops
 19059 | D:10     | Killed an eight-headed hydra
 19293 | D:9      | Killed a cyclops
 19293 | D:9      | Reached XP level 11. HP: 58/89 MP: 19/19
 19594 | D:10     | Noticed a cyclops
 20239 | D:9      | Killed a cyclops
 20945 | D:10     | Noticed a cyan ugly thing
 21519 | D:10     | Found Puyfub's Antique Weapon Emporium.
 21530 | D:10     | Bought a runed shortbow for 48 gold pieces
 21530 | D:10     | Bought a lajatang for 240 gold pieces
 21530 | D:10     | Bought an ichor-stained whip for 120 gold pieces
 21533 | D:10     | Identified the cursed +3 whip of Jeyredodo {slash, MR++} (You bought it in a shop on level 10 of the Dungeon)
 21579 | D:10     | Noticed a hill giant
 21665 | D:10     | Killed a hill giant
 22014 | D:9      | Reached skill level 1 in Staves
 22014 | D:9      | Reached skill level 12 in Bows
 22337 | D:10     | Acquired Nemelex Xobeh's fourth power
 22931 | D:9      | Noticed a flayed ghost
 23483 | D:11     | Found a staircase to the Orcish Mines.
 24174 | D:11     | Found a staircase to the Lair.
 24186 | D:11     | Found a white marble altar of Elyvilon.
 24194 | D:11     | Noticed a hill giant
 24243 | D:11     | Found a roughly hewn altar of Beogh.
 24272 | D:11     | Killed a hill giant
 25713 | D:11     | Found a shimmering altar of Xom.
 25804 | D:11     | Received a gift from Nemelex Xobeh
 26184 | Lair:1   | Entered Level 1 of the Lair of Beasts
 26446 | Lair:1   | Noticed Ijyb
 26540 | Lair:1   | Killed Ijyb
 27229 | Lair:1   | Reached XP level 12. HP: 98/100 MP: 21/21
 28066 | Lair:1   | Noticed a five-headed hydra
 28141 | Lair:1   | Killed a five-headed hydra
 28575 | Lair:1   | Reached skill level 13 in Bows
 28821 | Lair:2   | Received a gift from Nemelex Xobeh
 28941 | Lair:2   | Noticed a five-headed hydra
 28994 | Lair:1   | Killed a five-headed hydra
 29535 | Lair:2   | Received a gift from Nemelex Xobeh
 30465 | Lair:3   | Acquired Nemelex Xobeh's fifth power
 30573 | Lair:3   | Reached skill level 10 in Fighting
 30963 | Lair:2   | Reached skill level 5 in Staves
 31792 | Lair:3   | Noticed a seven-headed hydra
 31827 | Lair:3   | Killed a seven-headed hydra
 33200 | Lair:4   | Noticed a four-headed hydra
 33213 | Lair:4   | Killed a four-headed hydra
 33670 | Lair:3   | Reached skill level 14 in Bows
 34326 | Lair:3   | Reached XP level 13. HP: 94/108 MP: 23/23
 34732 | Lair:4   | Found a staircase to the Shoals.
 34982 | D:11     | Learned a level 2 spell: Swiftness
 34986 | D:11     | Learned a level 3 spell: Flight
 36606 | Lair:4   | Got a brightly glowing helmet
 36612 | Lair:4   | Identified the +3 helmet of Weirdness {rPois rF+} (You found it on level 4 of the Lair of Beasts)
 37632 | Lair:5   | Received a gift from Nemelex Xobeh
 37657 | Lair:5   | Found a staircase to the Snake Pit.
 38483 | Lair:5   | Reached skill level 1 in Spellcasting
 38628 | Lair:5   | Found a staircase to the Swamp.
 39458 | Lair:5   | Received a gift from Nemelex Xobeh
 40349 | Lair:5   | Reached skill level 10 in Evocations
 40471 | Lair:6   | Learned a level 1 spell: Summon Butterflies
 40739 | Lair:6   | Received a gift from Nemelex Xobeh
 41287 | Lair:6   | Found a staircase to the Slime Pits.
 41612 | Lair:7   | Received a gift from Nemelex Xobeh
 42602 | Lair:7   | Noticed Harold
 43126 | Lair:6   | Noticed a red very ugly thing
 43874 | Lair:7   | Killed Harold
 43874 | Lair:7   | Reached XP level 14. HP: 117/117 MP: 26/26
 44711 | Lair:7   | Noticed a storm dragon
 44711 | Lair:7   | a death yak changed into a storm dragon
 44714 | Lair:7   | a storm dragon changed into something unseen
 46399 | Lair:8   | Entered Level 8 of the Lair of Beasts
 46602 | Lair:8   | Found a labyrinth entrance.
 46609 | Lair:8   | Received a gift from Nemelex Xobeh
 46613 | Lab      | Entered a labyrinth
 46891 | Lab      | Reached skill level 1 in Charms
 46921 | Lab      | Got a faintly glowing scale mail
 46932 | Lab      | Identified the +3 scale mail of Light {Int+2} (You found it in a labyrinth)
 47167 | Lair:8   | Reached skill level 1 in Air Magic
 48027 | Lair:8   | Reached skill level 10 in Staves
 51309 | D:12     | Received a gift from Nemelex Xobeh
 52773 | D:12     | Received a gift from Nemelex Xobeh
 53396 | D:12     | Reached XP level 15. HP: 111/127 MP: 28/28
 55218 | D:13     | Received a gift from Nemelex Xobeh
 55911 | D:13     | Gained mutation: You are resistant to hostile enchantments. [mutagenic meat]
 55912 | D:13     | Gained mutation: Your muscles are strong. (Str +2) [mutagenic meat]
 56505 | Orc:1    | Entered Level 1 of the Orcish Mines
 56505 | Orc:1    | Noticed Snorg
 56520 | D:11     | Killed Snorg
 56631 | Orc:1    | Found a roughly hewn altar of Beogh.
 56709 | Orc:1    | Received a gift from Nemelex Xobeh
 56837 | Orc:1    | Found Jutet's Gadget Emporium.
 57219 | Orc:2    | Received a gift from Nemelex Xobeh
 57787 | Orc:2    | Received a gift from Nemelex Xobeh
 57995 | Orc:2    | Noticed Gastronok
 58009 | Orc:2    | Killed Gastronok
 58183 | Orc:1    | Noticed Psyche
 58192 | Orc:1    | Killed Psyche
 58730 | Orc:3    | Received a gift from Nemelex Xobeh
 58961 | Orc:3    | Noticed Sonja
 58976 | Orc:3    | Killed Sonja
 59241 | Orc:4    | Entered Level 4 of the Orcish Mines
 59635 | Orc:4    | Noticed Maurice
 59661 | Orc:4    | Found a staircase to the Elven Halls.
 59794 | Orc:4    | Received a gift from Nemelex Xobeh
 59964 | Orc:4    | Killed Maurice
 60082 | Orc:4    | Found Ufraliuk's Food Shop.
 60290 | Orc:4    | Received a gift from Nemelex Xobeh
 60636 | Orc:4    | Noticed Donald
 60862 | Orc:4    | Killed Donald
 61590 | Orc:4    | Found Psutt's Jewellery Shoppe.
 61590 | Orc:4    | Found Ixialaux's Armour Emporium.
 61590 | Orc:4    | Found Codohymn's Food Shoppe.
 61593 | Orc:4    | Found Khid's Antique Weapon Emporium.
 62055 | Orc:4    | Bought a smoking hand crossbow for 212 gold pieces
 62057 | Orc:4    | Identified the +10 hand crossbow of Moullocu {freeze, rF+} (You bought it in a shop on level 4 of the Orcish Mines)
 62159 | Orc:1    | Bought a +0 rod of inaccuracy (12/12) for 1190 gold pieces
 62245 | D:14     | Reached skill level 15 in Bows
 62358 | D:14     | Received a gift from Nemelex Xobeh
 63582 | D:14     | Found a gate to the Vaults.
 63582 | D:14     | Received a gift from Nemelex Xobeh
 63761 | D:14     | Got a flickering amber ring
 63763 | D:14     | Identified the ring "Lyurhop" {rC+ Int+2} (You found it on level 14 of the Dungeon)
 63807 | D:15     | Entered Level 15 of the Dungeon
 65125 | D:15     | Received a gift from Nemelex Xobeh
 65466 | D:15     | Reached XP level 16. HP: 93/138 MP: 29/29
 65840 | D:15     | Got a jewelled morningstar
 65841 | D:15     | Identified the +8 morningstar of Qazlal's Approval {drain, rC+ MR+} (You took it off a deep elf knight on level 15 of the Dungeon)
 66014 | D:15     | Gained mutation: You are highly resistant to hostile enchantments. [mutagenic meat]
 66015 | D:15     | Gained mutation: You passively map a small area around you. [mutagenic meat]
 66016 | D:15     | Gained mutation: Your muscles are very strong. (Str +4) [mutagenic meat]
 66588 | D:15     | Found a staircase to the Depths.
 67398 | D:14     | Gained mutation: Your body is slowly deteriorating. [mutagenic meat]
 67400 | D:14     | Lost mutation: Your body is slowly deteriorating. [mutagenic meat]
 67401 | D:14     | Gained mutation: You are robust (+10% HP). [mutagenic meat]
 67970 | D:15     | Received a gift from Nemelex Xobeh
 69326 | Lair:5   | the staircase to the Swamp was a mimic.
 69362 | Snake:1  | Entered Level 1 of the Snake Pit
 69603 | Snake:1  | Noticed Agnes
 69925 | Lair:5   | Noticed Agnes
 69925 | Lair:5   | Agnes changed into Agnes the eye of devastation
 69931 | Lair:5   | Killed Agnes the eye of devastation
 70626 | Snake:1  | Reached skill level 16 in Bows
 71388 | Snake:1  | Received a gift from Nemelex Xobeh
 72574 | Snake:2  | Noticed Aizul
 73588 | Snake:1  | Killed Aizul
 74939 | Snake:2  | Found Ciesoihu's Antique Weapon Emporium.
 75397 | Snake:2  | Received a gift from Nemelex Xobeh
 75601 | Snake:2  | Learned a level 4 spell: Control Teleport
 75746 | Snake:3  | Received a gift from Nemelex Xobeh
 76622 | Snake:3  | Reached XP level 17. HP: 101/162 MP: 28/31
 80946 | Snake:4  | Reached skill level 17 in Bows
 82941 | Snake:5  | Entered Level 5 of the Snake Pit
 82941 | Snake:5  | Found Iwawkul's Magic Scroll Emporium.
 84296 | Snake:5  | Found Sul Alat's Book Shoppe.
 84698 | Snake:5  | Bought a book of Necromancy for 360 gold pieces
 84828 | Snake:5  | Noticed Jorgrun
 85226 | Snake:5  | Killed Jorgrun
 85360 | Snake:5  | Learned a level 1 spell: Animate Skeleton
 85364 | Snake:5  | Learned a level 3 spell: Regeneration
 85951 | Snake:5  | Reached skill level 10 in Dodging
 85980 | Snake:5  | Found Okiost's Assorted Antiques.
 87042 | Snake:5  | Reached XP level 18. HP: 101/174 MP: 32/32
 88293 | Snake:5  | Found Suanirom's Distillery.
 88301 | Snake:5  | Bought a potion of haste for 91 gold pieces
 88301 | Snake:5  | Bought a potion of mutation for 32 gold pieces
 88962 | Snake:5  | Received a gift from Nemelex Xobeh
 89002 | Snake:5  | Reached skill level 15 in Fighting
 89266 | Snake:5  | Got a serpentine rune of Zot
 89766 | Shoals:1 | Entered Level 1 of the Shoals
 89932 | Shoals:1 | Noticed Josephine
 90023 | Shoals:1 | Killed Josephine
 90213 | Shoals:1 | Noticed Louise
 90216 | Shoals:1 | Noticed Louise
 90216 | Shoals:1 | Louise changed into Louise the satyr
 90232 | Shoals:1 | Killed Louise the satyr
 90245 | Shoals:1 | Received a gift from Nemelex Xobeh
 90297 | Shoals:1 | Reached skill level 18 in Bows
 90298 | Shoals:1 | Reached skill level 1 in Necromancy
 91678 | Shoals:2 | Received a gift from Nemelex Xobeh
 92351 | Shoals:2 | Reached skill level 15 in Evocations
 93025 | Shoals:3 | Received a gift from Nemelex Xobeh
 93533 | Shoals:3 | Received a gift from Nemelex Xobeh
 93789 | Shoals:3 | Cast into the Abyss (a Zot trap)
 93994 | Abyss:1  | Received a gift from Nemelex Xobeh
 94006 | Abyss:1  | Gained mutation: Your vision is a little blurry. [a neqoxec]
 94073 | Abyss:1  | Found a corrupted altar of Lugonu.
 94093 | Abyss:1  | Reached skill level 1 in Stealth
 94097 | Abyss:1  | Lost mutation: Your vision is quite blurry. [potion of cure mutation]
 94097 | Abyss:1  | Lost mutation: Your muscles are very strong. (Str +4) [potion of cure mutation]
 94097 | Abyss:1  | Lost mutation: Your muscles are strong. (Str +2) [potion of cure mutation]
 94115 | Abyss:1  | Received a gift from Nemelex Xobeh
 94140 | Abyss:1  | Reached skill level 1 in Translocations
 94506 | Abyss:1  | Received a gift from Nemelex Xobeh
 94514 | Abyss:1  | Noticed a bone dragon
 94922 | Shoals:3 | Escaped the Abyss
 95257 | Snake:5  | Bought a potion of agility for 32 gold pieces
 95257 | Snake:5  | Bought a potion of heal wounds for 39 gold pieces
 96139 | Shoals:4 | Found Zeov Saa's Antique Weapon Emporium.
 96167 | Shoals:4 | Received a gift from Nemelex Xobeh
 96248 | Shoals:4 | Reached XP level 19. HP: 88/181 MP: 32/33
 97201 | Shoals:4 | Identified a scroll of acquirement
 97802 | Shoals:4 | Received a gift from Nemelex Xobeh
 98339 | Shoals:5 | Entered Level 5 of the Shoals
 98425 | Shoals:5 | Noticed Ilsuiw
 98735 | Shoals:5 | Identified Oggogrea's Tome of Self-Improvement (You found it on level 5 of the Shoals)
 98739 | Shoals:5 | Learned a level 2 spell: Song of Slaying
 98805 | Shoals:5 | Received a gift from Nemelex Xobeh
100871 | Shoals:4 | Killed Ilsuiw
101895 | Shoals:5 | Got a barnacled rune of Zot
101923 | Shoals:5 | Found Nyary's Food Emporium.
101935 | Shoals:5 | Bought 3 fruits for 54 gold pieces
102706 | Elf:1    | Entered Level 1 of the Elven Halls
102710 | Elf:1    | Noticed Fannar
102726 | Elf:1    | Killed Fannar
103364 | Elf:1    | Found Phum's Gadget Shop.
103372 | Elf:1    | Bought a disc of storms for 260 gold pieces
103893 | Elf:1    | Got a sapphire-encrusted scale mail
103894 | Elf:1    | Identified the +0 scale mail of Heohydol {Slay+2} (You found it on level 1 of the Elven Halls)
103918 | Elf:1    | Received a gift from Nemelex Xobeh
105030 | Elf:2    | Received a gift from Nemelex Xobeh
105379 | Elf:2    | Reached skill level 5 in Spellcasting
105823 | Elf:2    | Found Saus' Antique Weapon Shop.
106280 | Elf:2    | Received a gift from Nemelex Xobeh
106409 | Elf:3    | Entered Level 3 of the Elven Halls
106649 | Elf:3    | Noticed Frances
107042 | Elf:2    | Killed Frances
107208 | Elf:3    | Received a gift from Nemelex Xobeh
107569 | Elf:3    | Noticed Saint Roka
108242 | Elf:2    | Killed Saint Roka
108242 | Elf:2    | Reached XP level 20. HP: 67/194 MP: 35/35
108931 | Elf:3    | Noticed Rupert
108963 | Elf:3    | Killed Rupert
109013 | Elf:3    | Reached skill level 19 in Bows
109051 | Elf:3    | Your ally Rupert died
109573 | Elf:2    | Got a vibrating jade ring
109574 | Elf:2    | Identified the ring "Coafuxate" {SustAb -Tele Dex+4} (You took it off a deep elf death mage on level 2 of the Elven Halls)
110708 | Elf:3    | Got a slimy diamond amulet
110709 | Elf:3    | Identified the amulet of Meusopsyo {rMut +Blink +Fly} (You took it off a deep elf blademaster on level 3 of the Elven Halls)
112264 | Elf:3    | Got a distressingly furry ring mail
112265 | Elf:3    | Identified the +4 ring mail of the Nightingale {MR+} (You took it off a deep elf high priest on level 3 of the Elven Halls)
112554 | Elf:3    | Learned a level 1 spell: Apportation
112557 | Elf:3    | Learned a level 2 spell: Blink
112561 | Elf:3    | Learned a level 3 spell: Portal Projectile
112564 | Elf:3    | Learned a level 2 spell: Shroud of Golubria
112599 | Elf:3    | Identified the Disquisition on Glacial Confrontation (You found it on level 3 of the Elven Halls)
112624 | Elf:3    | Learned a level 6 spell: Freezing Cloud
112763 | Elf:3    | Got a faintly glowing morningstar
112764 | Elf:3    | Identified the cursed +3 morningstar of Ravage {antimagic, MR+ Dex+3 Int-1} (You took it off a deep elf annihilator on level 3 of the Elven Halls)
113010 | Vaults:1 | Entered Level 1 of the Vaults
113111 | Vaults:1 | Found a flickering gateway to a bazaar.
113134 | Bazaar   | Entered a bazaar
113139 | Bazaar   | Received a gift from Nemelex Xobeh
113140 | Bazaar   | Found Stullo's General Store.
113140 | Bazaar   | Found Ehiqut Epai's General Store.
113155 | Bazaar   | Received a gift from Nemelex Xobeh
113174 | Bazaar   | Found Woycaoss' Book Emporium.
113174 | Bazaar   | Found Mepaden's Food Emporium.
113204 | Bazaar   | Bought Vishabac's Incunabulum of Mutagenic Companions for 605 gold pieces
113229 | Bazaar   | Bought a scroll of teleportation for 42 gold pieces
113229 | Bazaar   | Bought a potion of restore abilities for 42 gold pieces
113229 | Bazaar   | Bought a scroll of enchant weapon for 105 gold pieces
113251 | Bazaar   | Bought 2 potions of might for 80 gold pieces
113251 | Bazaar   | Bought a potion of might for 40 gold pieces
113251 | Bazaar   | Bought a potion of resistance for 112 gold pieces
113278 | Bazaar   | Bought a book of Burglary for 825 gold pieces
113837 | Vaults:1 | Got a pair of fine gloves
113838 | Vaults:1 | Identified the cursed +0 pair of gloves "Zeeliuq" {rC+ Stlth--} (You found it on level 1 of the Vaults)
113953 | Vaults:1 | Received a gift from Nemelex Xobeh
114936 | Vaults:1 | Reached skill level 1 in Conjurations
115152 | Vaults:1 | Reached skill level 1 in Ice Magic
115788 | Vaults:1 | Gained mutation: You are partially covered in yellow scales (AC +2). [mutagenic meat]
115792 | Vaults:1 | Gained mutation: Your vision is a little blurry. [mutagenic meat]
116425 | Vaults:1 | Received a gift from Nemelex Xobeh
117570 | Vaults:1 | Reached XP level 21. HP: 91/207 MP: 36/36
118731 | Vaults:2 | HP: 10/207 [tengu reaver/runed long sword (4)]
118731 | Vaults:2 | HP: 3/207 [tengu reaver/runed long sword (7)]
118732 | Vaults:2 | Shot with a bolt by a vault warden

Action                   |  1- 3 |  4- 6 |  7- 9 | 10-12 | 13-15 | 16-18 | 19-21 || total
-------------------------+-------+-------+-------+-------+-------+-------+-------++-------
Melee: Short sword       |   125 |    97 |   357 |   466 |       |       |       ||  1045
       Cutlass           |       |     7 |       |       |       |       |       ||     7
       Trident           |       |       |    16 |       |       |       |       ||    16
       Lajatang          |       |       |       |   240 |  2132 |  1665 |  1585 ||  5622
       Whip              |       |       |       |       |    28 |       |       ||    28
       Unarmed           |       |       |       |       |       |    10 |       ||    10
       Morningstar       |       |       |       |       |       |     2 |       ||     2
       Longbow           |       |       |       |       |       |       |     1 ||     1
 Fire: Shortbow          |    43 |   141 |   232 |   892 |   872 |       |       ||  2180
       Longbow           |       |       |       |       |   104 |   707 |   670 ||  1481
Throw: Stone             |     1 |       |       |       |       |       |       ||     1
       Tomahawk          |       |     3 |    42 |    39 |       |       |       ||    84
       Throwing net      |       |       |       |       |     2 |     6 |     3 ||    11
 Cast: Flight            |       |       |       |       |    15 |    28 |    34 ||    77
       Animate Skeleton  |       |       |       |       |       |    78 |   120 ||   198
       Regeneration      |       |       |       |       |       |     1 |    50 ||    51
       Summon Butterflie |       |       |       |       |       |     2 |       ||     2
       Swiftness         |       |       |       |       |       |     1 |       ||     1
       Song of Slaying   |       |       |       |       |       |       |    10 ||    10
       Shroud of Golubri |       |       |       |       |       |       |    16 ||    16
       Portal Projectile |       |       |       |       |       |       |     1 ||     1
       Control Teleport  |       |       |       |       |       |       |     1 ||     1
Invok: Draw One          |       |       |     1 |    16 |    42 |    20 |     9 ||    88
       Peek at Two       |       |       |       |       |     3 |       |       ||     3
       Deal Four         |       |       |       |       |     2 |       |       ||     2
       Stack Five        |       |       |       |       |     2 |     3 |       ||     5
 Abil: End Transformatio |       |       |       |       |     3 |       |     1 ||     4
Evoke: Wand              |       |       |    10 |    13 |    44 |    14 |     1 ||    82
       Deck              |       |       |     1 |       |       |       |       ||     1
       Rod               |       |       |       |       |     2 |    13 |    12 ||    27
       Disc of storms    |       |       |       |       |       |       |     1 ||     1
  Use: Scroll            |       |     5 |    10 |     9 |    24 |    12 |    22 ||    82
       Potion            |       |       |     1 |     1 |     3 |    10 |     6 ||    21
 Stab: Confused          |       |       |       |       |     3 |       |       ||     3
       Invisible         |       |       |       |       |     1 |       |       ||     1
       Distracted        |       |       |       |       |       |     7 |    17 ||    24
       Held in net/web   |       |       |       |       |       |       |     1 ||     1
  Eat: Chunk             |     2 |     8 |    17 |    53 |    78 |    67 |    64 ||   289
       Fruit             |       |     2 |       |       |     2 |    12 |     6 ||    22
       Pizza             |       |     1 |     1 |     2 |     1 |       |     1 ||     6
       Beef jerky        |       |     1 |     2 |     3 |       |     3 |     1 ||    10
       Meat ration       |       |       |       |     1 |     1 |     4 |       ||     6
       Royal jelly       |       |       |       |     1 |       |       |       ||     1
       Bread ration      |       |       |       |       |       |       |     1 ||     1
